 Dungeon Crawl Stone Soup version 0.26-a0-291-g3d11bbfad5 (webtiles) character file.

Game seed: 12695039373389128727

69 BritishOli the Skirmisher (level 4, 0/35 HPs)
             Began as a Demonspawn Fighter on July 14, 2020.
             Slain by a gnoll
             ... wielding a +2 dagger of chaos
              (1 damage)
             ... on level 2 of the Dungeon.
             The game lasted 00:01:42 (1817 turns).

BritishOli the Skirmisher (Demonspawn Fighter)      Turns: 1817, Time: 00:01:43

Health: 0/35       AC:  6    Str: 18    XL:     4   Next: 2%
Magic:  0/4        EV:  7    Int:  9    God:
Gold:   123        SH:  0    Dex: 12    Spells: 3/3 levels left

rFire    . . .     SeeInvis .   a - +0 long sword
rCold    . . .     Faith    .   c - +0 kite shield
rNeg     . . .     Spirit   +   b - +0 scale mail
rPois    .         Reflect  .   (no helmet)
rElec    .         Harm     .   (no cloak)
rCorr    .                      (no gloves)
MR       .....                  (no boots)
Stlth    ..........             (no amulet)
HPRegen  0.11/turn              (no ring)
MPRegen  0.09/turn              (no ring)

@: confused, lethally poisoned (0 -> -16)
A: magic shield
a: no special abilities


You were on level 2 of the Dungeon.
You visited 1 branch of the dungeon, and saw 2 of its levels.

You collected 123 gold pieces.

Inventory:

Hand Weapons
 a - a +0 long sword (weapon)
Armour
 b - a +0 scale mail (worn)
 c - a +0 kite shield (worn)
Jewellery
 k - an uncursed amulet of the acrobat {unknown}
Scrolls
 e - 3 scrolls of identify {unknown}
 f - 2 scrolls of remove curse {unknown}
 g - a scroll of fear {unknown}
 i - a scroll of teleportation {unknown}
 n - a scroll of magic mapping {unknown}
Potions
 d - a potion of might
 h - a potion of flight {unknown}
 j - 2 potions of haste {unknown}
 l - a potion of curing {unknown}
 m - a potion of mutation {unknown}


   Skills:
 + Level 3.5 Fighting
 + Level 2.4 Long Blades
 + Level 3.2 Armour
 + Level 3.2 Shields


You had 3 spell levels left.
You didn't know any spells.
Your spell library was empty.

Dungeon Overview and Level Annotations

Branches:
Dungeon (2/15)

Altars:


Innate Abilities, Weirdness & Mutations

When hurt, damage is shared between your health and your magic reserves.


Message History

You hit the gnoll.
The gnoll is heavily wounded.
You feel sick. The gnoll closely misses you. The gnoll barely misses you.
You bump into the rock wall.
The gnoll hits you but does no damage.
You are lethally poisoned!
The gnoll hits you but does no damage.
You are electrocuted!
* * * LOW HITPOINT WARNING * * *
Unknown command.
Unknown command.
Unknown command.
Unknown command.
There is a lethal amount of poison in your body!
There is a lethal amount of poison in your body!
There is a lethal amount of poison in your body!
* * * LOW HITPOINT WARNING * * *
You feel sick. The gnoll hits you but does no damage.
The gnoll hits you with a +2 dagger of chaos.
* * * LOW HITPOINT WARNING * * *
The gnoll burns you.
You die...

#..##..## ≈ #...≈ #......#
....#..# .# .#^≈ # #.....)#
....(..# ≈# .## ...##≈# #....###
#.#.#..# ≈≈.##.. ..≈⌠≈≈§ #..)..#
.......# .≈.≈≈ .≈..≈≈# #.....#
.##....###≈.##⌠g ##..⌠..##.....#
.÷.....)##.##.≈g#.#.≈.###......#
.........## #g.#..###<......#
#.#..#.##.######@#######.......#
.....#.....÷......#....#.......#
..#..#.##.##...........#########
.....#.##.##.#.#.......#
.##..#.##......[.......# ..# .#.
####.....#.....# ..# #
###.###..#### ..... #.# ..#
..... #.# ..#


You could see 3 gnolls.

Vanquished Creatures
  A gnoll (D:2)
  An adder (D:2)
  2 dart slugs (D:1)
  2 leopard geckos
  3 giant cockroaches
  6 goblins
  5 hobgoblins
  3 jackals (D:1)
  4 bats
  5 frilled lizards (D:2)
  6 kobolds
  8 rats
46 creatures vanquished.

Notes
Turn   | Place    | Note
-------+----------+-------------------------------------------
     0 | D:1      | BritishOli the Demonspawn Fighter began the quest for the
                  | Orb.
     0 | D:1      | Reached XP level 1. HP: 18/18 MP: 1/1
   423 | D:1      | Gained mutation: When hurt, damage is shared between your
                  | health and your magic reserves. [demonic ancestry]
   423 | D:1      | Reached XP level 2. HP: 22/24 MP: 2/2
   934 | D:1      | Reached XP level 3. HP: 26/29 MP: 3/3
  1809 | D:2      | Reached XP level 4. HP: 26/35 MP: 4/4
  1817 | D:2      | HP: 1/35 [gnoll/+2 dagger of chaos (1)]
  1817 | D:2      | Slain by a gnoll

Illustrated notes

Levels and vault maps discovered:
D:1:      dpeg_arrival_pond, layout_basic, corexii_leaking_fountain
D:2:      layout_basic, tgw_xom, lemuel_doored_altar

Skill      XL: |  1  2 |
---------------+-------+-----
Long Blades    | 2 |  2.4
Shields        | 3 |  3.2
Armour         | 3 |  3.2
Fighting       | |  3.5

Action                   |  1- 3 |  4- 6 || total
-------------------------+-------+-------++-------
Melee: Long sword        |   153 |     5 ||   158
Armor: Scale mail        |    71 |     3 ||    74
Dodge: Dodged            |    46 |     4 ||    50
Block: Kite shield       |    83 |     1 ||    84
       Rpst.: Long sword |    18 |       ||    18

Table legend:
 A = Non-vault XP
 B = Vault XP
 C = Vault XP percentage of total XP
 D = Non-vault monster count
 E = Vault monster count
 F = Vault count percentage of total count
                 A         B        C        D         E       F
            +---------+---------+-------+---------+---------+-------
      Total |      84 |      15 |  15.2 |      45 |       1 |   2.2
            +---------+---------+-------+---------+---------+-------
        D:1 |      48 |       0 |   0.0 |      28 |       0 |   0.0
        D:2 |      36 |      15 |  29.4 |      17 |       1 |   5.6
            +---------+---------+-------+---------+---------+-------
